 Dungeon Crawl Stone Soup version 0.30-a0-122-g2a1322497e (webtiles) character file.

Game seed: 2395134602848399851

407 Taroth the Slasher (level 6, -12/52 HPs)
             Began as a Draconian Berserker on Sept 15, 2022.
             Was a Believer of Trog.
             Engulfed by a cloud of flame (19 damage)
             ... on level 4 of the Dungeon.
             The game lasted 00:05:00 (2566 turns).

Taroth the Slasher (Draconian Berserker)            Turns: 2566, Time: 00:05:01

Health: -12/52     AC: 16    Str: 20    XL:     6   Next: 57%
Magic:  6/6        EV: 13    Int:  7    God:    Trog [**....]
Gold:   149        SH:  5    Dex: 12    Spells: 5/5 levels left

rFire   . . .      SeeInvis .    a - +1 falchion (vamp)
rCold   . . .      Faith    .    (no shield)
rNeg    . . .      Spirit   .    (body armour unavailable)
rPois   .          Reflect  +    (helmet restricted)
rElec   .          Harm     .    n - +0 cloak
rCorr   .          Rampage  .    (no gloves)
Will    .....                    m - +0 pair of boots
Stlth   ++........               h - amulet of reflection
HPRegen 0.17/turn                q - +4 ring of protection
MPRegen 0.10/turn                o - +4 ring of protection

@: no status effects
A: AC +6, unfitting armour, cold-blooded
a: Renounce Religion, Berserk, Trog's Hand


You were on level 4 of the Dungeon.
You worshipped Trog.
Trog was pleased with you.
You visited 1 branch of the dungeon, and saw 4 of its levels.

You collected 149 gold pieces.

Inventory:

Hand Weapons
 a - a +1 vampiric falchion (weapon)
 b - a +0 quarterstaff of draining
Armour
 m - a +0 pair of boots (worn)
 n - a +0 cloak (worn)
Jewellery
 c - a ring of see invisible
 h - an amulet of reflection (around neck)
 i - a +6 ring of intelligence
 o - a +4 ring of protection (right hand)
 p - an amulet of regeneration
 q - a +4 ring of protection (left hand)
Scrolls
 d - 2 scrolls of vulnerability
 j - 2 scrolls of amnesia
 s - 2 scrolls of identify
Potions
 e - a potion of might
 f - 2 potions of brilliance
 g - a potion of attraction
 k - a potion of mutation
 l - a potion of berserk rage {unknown}
 r - a potion of degeneration {unknown}


   Skills:
 + Level 4.3 Fighting
 + Level 5.1 Long Blades
 + Level 4.4 Dodging
 + Level 1.3 Stealth
 + Level 1.7 Shields


You had 5 spell levels left.
You didn't know any spells.
Your spell library was empty.

Dungeon Overview and Level Annotations

Branches:
Dungeon (4/15)
 Temple: D:4-7

Altars:
Dithmenos
Elyvilon
Gozag


Innate Abilities, Weirdness & Mutations

Your plain brown scales are hard. (AC +6)
You cannot fit into any form of body armour.
You are cold-blooded and may be slowed by cold attacks.


Message History

You tail-slap the orc, but do no damage.
The orc is lightly wounded.
You block the orc's attack. The orc closely misses you.
You slash the orc!
You feel better.
You kill the orc!
Trog accepts your kill. The ball python completely misses you.
The ball python grabs you. The ball python constricts you.
You hit the ball python.
You kill the ball python!
Trog accepts your kill.
You see here a ball python corpse.
You start resting.
HP restored.
You feel yourself speed up.
You now have 149 gold pieces (gained 12).
You recover from your berserk rage.
Menkaure, Prince of Dust comes into view.
Menkaure shouts!
As you read the scroll labelled ASECEI MOUS, it crumbles to dust.
The creatures around you are filled with an inner flame!
It was a scroll of immolation.
Menkaure mumbles some strange words.
Menkaure seems to speed up.
Menkaure attacks as you move away! Menkaure closely misses you.
You barely miss Menkaure. Menkaure hits you.
You hit Menkaure.
Flame seeps out of Menkaure. x2; You tail-slap Menkaure.
Menkaure is moderately damaged.
Menkaure is engulfed in blazing flames.
Flame seeps out of Menkaure.
Menkaure closely misses you.
Menkaure is engulfed in blazing flames.
Flame seeps out of Menkaure.
Menkaure hits you!
You slash Menkaure! Trog accepts your kill.
Trog appreciates your killing of a magic user.
Menkaure explodes!
The fiery explosion engulfs you!!
Ouch! That really hurt!
* * * LOW HITPOINT WARNING * * *
You are engulfed in blazing flames.
You die...

##........##
#..........#
..........
...........#
.........
.#..##.....##
.......#
##...####...##
##.....# ##..#
###..###......#
##.#
##.##......#
### ##.#.##...#
##..@○§.#
########


There were no monsters in sight!

Vanquished Creatures
  Grinder (D:4)
  Menkaure (D:4)
  A hound (D:4)
  2 orc priests (D:4)
  Robin (D:4)
  3 adders
  3 worms
  2 orcs
  4 ball pythons
  6 endoplasms
  4 giant cockroaches
  13 goblins
  11 hobgoblins
  5 quokkas
  5 bats
  3 frilled lizards
  5 kobolds
  A rat (D:1)
71 creatures vanquished.

Notes
Turn   | Place    | Note
-------+----------+-------------------------------------------
     0 | D:1      | Taroth the Draconian Berserker began the quest for the Orb.
     0 | D:1      | Reached XP level 1. HP: 19/19 MP: 1/1
   181 | D:1      | Reached XP level 2. HP: 26/26 MP: 2/2
   706 | D:2      | Reached XP level 3. HP: 29/33 MP: 3/3
   871 | D:2      | Found a faded altar of an unknown god.
  1010 | D:2      | Reached ** piety under Trog
  1503 | D:3      | Found a white marble altar of Elyvilon.
  1555 | D:3      | Found an opulent altar of Gozag.
  1645 | D:3      | Found a shadowy altar of Dithmenos.
  1685 | D:3      | Reached XP level 4. HP: 40/40 MP: 4/4
  2029 | D:4      | Noticed Robin
  2047 | D:4      | Killed Robin
  2048 | D:4      | Reached skill level 1 in Shields
  2156 | D:4      | Noticed Grinder
  2174 | D:4      | Paralysed by Grinder for 5 turns
  2196 | D:4      | Paralysed by Grinder for 5 turns
  2211 | D:4      | Killed Grinder
  2212 | D:4      | Reached skill level 4 in Long Blades
  2212 | D:4      | Reached skill level 1 in Stealth
  2212 | D:4      | Reached XP level 5. HP: 22/46 MP: 5/5
  2212 | D:4      | Reached XP level 6. HP: 25/52 MP: 6/6
  2469 | D:4      | Reached skill level 5 in Long Blades
  2556 | D:4      | Noticed Menkaure
  2566 | D:4      | Killed Menkaure
  2566 | D:4      | Engulfed by a cloud of flame

Illustrated notes

Levels and vault maps discovered:
D:1:      tarquinn_simple_flora_water_d, layout_basic, minmay_hexomino_f4
D:2:      layout_basic, chequers_ecumenical_altar_lobes
D:3:      layout_rooms, grunt_gozag_breadcrumbs, nicolae_overflow_crystal_walls,
          grunt_dithmenos_smoke, kennysheep_cross_room
D:4:      layout_layer_cave, regret_index_temple_of_mockery, minmay_liquid_box,
          uniq_pikel, uniq_robin, uniq_grinder, uniq_menkaure

Skill      XL: |  1  2  3  4  5  6 |
---------------+-------------------+-----
Dodging        | 3 4 |  4.4
Fighting       | 4 |  4.3
Shields        | 1 |  1.7
Long Blades    | 4 5 |  5.1
Stealth        | 1 |  1.3

Action                   |  1- 3 |  4- 6 || total
-------------------------+-------+-------++-------
Melee: Falchion          |   146 |   111 ||   257
       Tailslap          |    14 |    10 ||    24
       Punch             |     1 |     1 ||     2
Invok: Berserk           |       |     3 ||     3
       Trog's Hand       |       |     3 ||     3
  Use: Potion            |     3 |       ||     3
       Scroll            |     6 |     3 ||     9
 Stab: Sleeping          |       |     1 ||     1
Armor: Skin              |    30 |    76 ||   106
Dodge: Dodged            |    93 |    98 ||   191
Block: Other             |    21 |    26 ||    47

Table legend: (Time is in decaauts)
 A = Elapsed time spent in this place.
 B = Non-inter-level travel time spent in this place.
 C = Inter-level travel time spent in this place.
 D = Time resting spent in this place.
 E = Time spent auto-exploring this place.
 F = Levels seen in this place.
 G = Mean time per level.
                   A        B        C        D        E       F      G
               +--------+--------+--------+--------+--------+-----+--------+
         Total |   2629 |   2591 |     38 |    228 |   1761 |   4 |  657.2 |
       Dungeon |   2629 |   2591 |     38 |    228 |   1761 |   4 |  657.2 |
               +--------+--------+--------+--------+--------+-----+--------+

Top non-repeatable levels by time:
     D:2: 808 daAuts
     D:1: 696 daAuts
     D:4: 580 daAuts
     D:3: 543 daAuts
